 Dungeon Crawl Stone Soup version 0.19.0-19-g8c6edcc (console) character file.

2213 CALLOUS the Covert (level 9, -4/39 HPs)
             Began as a Spriggan Air Elementalist on Nov 16, 2016.
             Was an Initiate of Gozag.
             Slain by a centaur warrior (11 damage)
             ... on level 9 of the Dungeon.
             The game lasted 03:20:30 (13536 turns).

CALLOUS the Covert (Spriggan Air Elementalist)     Turns: 13536, Time: 03:20:31

Health: -4/39      AC:  3    Str:  4    XL:     9   Next: 13%
Magic:  16/19      EV: 23    Int: 16    God:    Gozag
Gold:   703        SH:  0    Dex: 20    Spells: 7 memorised, 4 levels left

rFire  . . .     SeeInvis +     (weapon restricted)
rCold  . . .     Gourm    .     C - +0 robe
rNeg   . . .     Faith    .     (shield restricted)
rPois  .         Spirit   .     (helmet restricted)
rElec  .         Reflect  .     z - +0 cloak
rCorr  .         Harm     .     (gloves unavailable)
MR     +....                    (boots unavailable)
Stlth  +++++.....               (no amulet)
                                (no ring)
                                (no ring)

@: confusing touch (expiring), gold aura, repel missiles, very quick
A: unfitting armour, see invisible, herbivore 3, speed 3, slow metabolism 2
a: Potion Petition, Call Merchant, Bribe Branch, Renounce Religion


You were on level 9 of the Dungeon.
You worshipped Gozag.
Gozag was pleased with you.
You were not hungry.

You visited 2 branches of the dungeon, and saw 10 of its levels.

You collected 761 gold pieces.
You paid 58 gold pieces to Gozag.

Inventory:

Hand Weapons
 a - a +1 dagger of venom
 b - a +0 shortbow
 U - a +0 hand axe of chopping
 V - a +0 blowgun
Missiles
 d - 150 stones (quivered)
 f - 56 arrows
 g - 60 poisoned needles
 k - 38 bolts
 A - 21 sling bullets
 G - 8 needles of confusion
 K - a throwing net
Armour
 o - a +0 buckler
 z - a +0 cloak (worn)
 B - a +0 cloak
 C - a +0 robe (worn)
 S - a +0 cloak
Jewellery
 j - an uncursed amulet of rage {unknown}
 P - an uncursed ring of ice {unknown}
Wands
 t - a wand of iceblast (4/15)
 x - a wand of lightning (4/15)
 y - a wand of acid (9/15)
 D - a wand of random effects (14/48)
 F - a wand of random effects (23/48)
 O - a wand of digging (13/24)
Scrolls
 e - 6 scrolls of identify {unknown}
 m - 3 scrolls of teleportation {unknown}
 n - a scroll of noise {unknown}
 u - 2 scrolls of magic mapping {unknown}
 v - a scroll of vulnerability {unknown}
 w - 2 scrolls of enchant weapon {unknown}
 E - a scroll of immolation {unknown}
 J - a scroll of recharging {unknown}
 L - a scroll of enchant armour {unknown}
Potions
 h - a potion of cancellation
 i - a potion of resistance {unknown}
 l - a potion of ambrosia {unknown}
 p - 2 potions of curing
 q - a potion of agility {unknown}
 r - a potion of invisibility
 s - a potion of lignification
 N - a potion of berserk rage {unknown}
 Q - a potion of brilliance {unknown}
 R - a potion of flight {unknown}
Books
 H - a book of Air

   Spells                             Type                      Level
   a - Shock                          Conjuration/Air              1
   b - Swiftness                      Charms/Air                   2
   c - Repel Missiles                 Charms/Air                   2
   d - Static Discharge               Conjuration/Air              3
   e - Lightning Bolt                 Conjuration/Air              5
 I - a book of Misfortune

   Spells                             Type                      Level
   a - Confusing Touch                Hexes                        1
   b - Confuse                        Hexes                        3
   c - Gell's Gravitas                Hexes/Translocation          3
   d - Petrify                        Transmutation/Earth          4
   e - Metabolic Englaciation         Hexes/Ice                    5
   f - Yara's Violent Unravelling     Hexes/Transmutation          5
 M - a Young Poisoner's Handbook

   Spells                             Type                      Level
   a - Sting                          Conjuration/Poison           1
   b - Mephitic Cloud                 Conjuration/Poison/Air       3
   c - Olgreb's Toxic Radiance        Poison                       4
   d - Alistair's Intoxication        Transmutation/Poison         5
   e - Venom Bolt                     Conjuration/Poison           5
Comestibles
 c - 5 bread rations
 T - 3 fruits


   Skills:
 + Level 0.2 Short Blades
 + Level 5.4 Bows
 * Level 6.8 Dodging
 * Level 9.8 Stealth
 + Level 6.0 Spellcasting
 - Level 0.6 Conjurations
 * Level 5.5 Charms
 * Level 3.7 Translocations
 * Level 3.6 Transmutations
 - Level 2.6 Air Magic
 * Level 4.8 Evocations


You had 4 spell levels left.
You knew the following spells:

 Your Spells              Type           Power        Failure   Level  Hunger
a - Shock                 Conj/Air       ##..         10%         1    None
b - Repel Missiles        Chrm/Air       ###...       4%          2    #......
c - Static Discharge      Conj/Air       ##......     21%         3    ##.....
d - Confusing Touch       Hex            #.....       14%         1    None
e - Gell's Gravitas       Hex/Tloc       ##........   21%         3    ##.....
f - Yara's Violent Unrav  Hex/Tmut       ##........   99%         5    ######.
g - Sting                 Conj/Pois      #...         14%         1    None


Dungeon Overview and Level Annotations

Branches:
Dungeon (9/15)             Temple (1/1) D:5
   Lair: D:8-11         Orc: D:9-12

Altars:
Ashenzari
Dithmenos
Gozag
Kikubaaqudgha
Makhleb
Nemelex Xobeh
Okawaru
Qazlal
Ru
Uskayaw
Vehumet
Xom
Yredelemnul
Zin

Annotations:
D:2 exclusions: adder and 2 dancing weapons
D:3 exclusion: adder, Tyryt0's ghost, amateur OgFi
D:4 exclusions: howler monkey and worker ant
D:5 1 exclusion
D:7 exclusions: 3 killer bees, 4 orcs and scorpion
D:9 redutEDokEDlongswordchain, exclusions: hound, orc knight and ugly thing


Innate Abilities, Weirdness & Mutations

You are very small and have problems with some larger weapons.
You are too small for most types of armour.
You have supernaturally acute eyesight. (SInv)
You are a herbivore.
You cover ground extremely quickly.
You need consume almost no food.


Message History

The centaur warrior is no longer distracted by gold.
The centaur warrior is moderately wounded.
Press: ? - help, v - describe, . - travel
Here: a centaur warrior (moderately wounded, poisoned, confused)
The floor.
Unknown command.
You barely miss the centaur warrior.
The centaur warrior is moderately wounded.
The centaur warrior seems less confused.
The centaur warrior hits you.
* * * LOW HITPOINT WARNING * * *
Wield which item (- for none, * to show all)? (? for menu, Esc to quit)
Your +1 dagger of venom stops dripping with poison.
You are now empty-handed.
The centaur warrior hits you.
* * * LOW HITPOINT WARNING * * *
Casting: Confusing Touch
Confirm with . or Enter, or press ? or * to list all spells.
Your hands begin to glow red.
The centaur warrior hits you!
You die...
Your body crumbles into a pile of gold.

#.##.# #..#.# #..#.#
#.$#.# #.# #.#.# $
#.# #.##...#
..#.##### #......#
........# #.#####..#
#.# #.# #........##
#.# #.# #########..#
#c###.#
..########.##
#@#...#
............#
#.#Y###
...#######..## #.#.#
....##.......###.#.#
....##.............#
#.##.#
._...#.....#.(##.###
#.#...
.....#.....##(##.#
#.#..#
.....#.....##.O#$#
#.#..#
.....#.....###.#(#
#.#?.## .....#.....#
#..(# #.#...#
.....#.....# ##.(#
#.#...#


You could see a centaur warrior.

Vanquished Creatures
  A black bear (D:8)
  3 ice beasts
  2 sky beasts
  A hornet zombie (D:8)
  4 ogres
  A centaur (D:6)
  A big kobold (D:9)
  4 bullfrogs
  A scorpion (D:5)
  3 howler monkeys (D:8)
  2 bullfrog zombies
  A quasit (D:9)
  3 orc priests
  2 hounds
  A centaur skeleton (D:6)
  2 bullfrog skeletons
  An iguana (D:5)
  A worker ant (D:6)
  A howler monkey skeleton (D:9)
  6 adders
  3 gnolls (D:6)
  An adder skeleton (D:5)
  A worm (D:4)
  3 dart slugs
  4 leopard geckos
  10 orcs
  3 giant cockroaches
  2 gnoll zombies (D:3)
  A goblin (D:2)
  6 hobgoblins
  16 jackals
  11 kobolds
  3 quokkas
  A ball python (D:6)
  3 bats
  7 frilled lizards
  A quokka skeleton (D:5)
  9 rats
126 creatures vanquished.

Vanquished Creatures (others)
  An ogre (D:9)
1 creature vanquished.

Grand Total: 127 creatures vanquished

Notes
Turn   | Place    | Note
-------+----------+-------------------------------------------
     0 | D:1      | CALLOUS the Spriggan Air Elementalist began the quest for the Orb.
     0 | D:1      | Reached XP level 1. HP: 9/9 MP: 5/5
   379 | D:1      | Reached XP level 2. HP: 12/13 MP: 5/7
   383 | D:1      | Learned a level 2 spell: Repel Missiles
  1594 | D:2      | Found a burning altar of Makhleb.
  1632 | D:2      | Noticed a dagger
  1632 | D:2      | Noticed an enchanted hand axe
  1633 | D:2      | Found a hide-covered altar of Uskayaw.
  1668 | D:2      | Reached skill level 4 in Stealth
  1881 | D:2      | Reached XP level 3. HP: 12/16 MP: 6/8
  2035 | D:2      | Reached skill level 1 in Charms
  2730 | D:3      | Found an ancient bone altar of Kikubaaqudgha.
  3251 | D:3      | Reached XP level 4. HP: 19/21 MP: 6/9
  3589 | D:3      | Found a basalt altar of Yredelemnul.
  3634 | D:3      | Noticed Tyryt0's ghost (amateur OgFi)
  3641 | D:3      | Reached skill level 5 in Stealth
  3752 | D:4      | Reached skill level 1 in Evocations
  4274 | D:4      | Noticed an ogre
  4381 | D:5      | Entered Level 5 of the Dungeon
  4381 | D:5      | Found a stormy altar of Qazlal.
  4609 | D:5      | Found a staircase to the Ecumenical Temple.
  4618 | Temple   | Entered the Ecumenical Temple
  4711 | Temple   | Became a worshipper of Gozag Ym Sagoz the Greedy
  4833 | D:5      | Reached XP level 5. HP: 19/24 MP: 1/11
  5189 | D:5      | Reached skill level 6 in Stealth
  5663 | D:6      | Noticed an ogre
  5935 | D:6      | Noticed an ogre
  6298 | D:6      | Reached skill level 7 in Stealth
  6298 | D:6      | Reached XP level 6. HP: 15/28 MP: 6/13
  7216 | D:6      | Reached skill level 5 in Dodging
  7348 | D:6      | Reached skill level 8 in Stealth
  7348 | D:6      | Reached XP level 7. HP: 19/32 MP: 11/15
  8129 | D:5      | Reached skill level 5 in Spellcasting
  8134 | D:5      | Learned a level 3 spell: Static Discharge
  8470 | D:6      | Learned a level 1 spell: Confusing Touch
  8474 | D:6      | Learned a level 3 spell: Gell's Gravitas
  8480 | D:6      | Learned a level 5 spell: Yara's Violent Unravelling
  9070 | D:6      | Reached skill level 1 in Bows
  9070 | D:6      | Reached skill level 1 in Translocations
  9070 | D:6      | Reached skill level 1 in Transmutations
 10337 | D:8      | Reached skill level 9 in Stealth
 10337 | D:8      | Reached XP level 8. HP: 36/36 MP: 17/17
 10421 | D:8      | Learned a level 1 spell: Sting
 11558 | D:8      | Reached skill level 5 in Charms
 11723 | D:8      | Found a stormy altar of Qazlal.
 11726 | D:8      | Found a sparkling altar of Nemelex Xobeh.
 11726 | D:8      | Found a shadowy altar of Dithmenos.
 12865 | D:9      | Found an iron altar of Okawaru.
 12967 | D:9      | Reached XP level 9. HP: 39/39 MP: 19/19
 13025 | D:9      | Found a shadowy altar of Dithmenos.
 13026 | D:9      | Noticed a red ugly thing
 13057 | D:9      | Found a shadowy altar of Dithmenos.
 13058 | D:9      | Noticed an orc knight
 13216 | D:9      | Reached skill level 5 in Bows
 13518 | D:9      | Noticed a centaur warrior
 13536 | D:9      | Slain by a centaur warrior

Skill      XL: |  1  2  3  4  5  6  7  8  9 |
---------------+----------------------------+-----
Spellcasting   | 3 4 5 6 |  6.0
Stealth        | 4 5 7 8 9 |  9.8
Charms         | 1 2 3 4 5 |  5.5
Dodging        | 4 5 6 |  6.8
Evocations     | 1 2 3 4 |  4.8
Bows           | 1 4 5 |  5.4
Translocations | 2 3 |  3.7
Transmutations | 2 3 |  3.6
Short Blades   | |  0.2
Conjurations   | |  0.6
Air Magic      | |  2.6

Action                   |  1- 3 |  4- 6 |  7- 9 || total
-------------------------+-------+-------+-------++-------
Melee: Unarmed           |    18 |    10 |    24 ||    52
       Hand axe          |       |       |    70 ||    70
       Dagger            |       |       |    14 ||    14
 Fire: Shortbow          |       |       |   182 ||   182
Throw: Stone             |    64 |    40 |    40 ||   144
 Cast: Shock             |    57 |    87 |   136 ||   280
       Repel Missiles    |     1 |       |     2 ||     3
       Confusing Touch   |       |       |    11 ||    11
  Use: Potion            |       |     3 |     1 ||     4
 Stab: Sleeping          |    13 |     8 |     7 ||    28
       Distracted        |       |     1 |     1 ||     2
       Confused          |       |       |     9 ||     9
  Eat: Bread ration      |       |     1 |     1 ||     2
Armor: Robe              |     5 |     5 |     9 ||    19
Dodge: Dodged            |    28 |    81 |   178 ||   287
       Deflected         |     1 |       |     1 ||     2
